 Dungeon Crawl Stone Soup version 0.18.1-47-g9310371 (webtiles) character file.

623 matakusis the Thaumaturge (level 7, 0/32 HPs)
             Began as a Deep Elf Wizard on June 18, 2016.
             Was a Follower of Sif Muna.
             Slain by an unseen horror (8 damage)
             ... on level 6 of the Dungeon.
             The game lasted 00:37:22 (5179 turns).

matakusis the Thaumaturge (Deep Elf Wizard)         Turns: 5179, Time: 00:37:23

Health: 0/32       AC:  9    Str:  6    XL:     7   Next: 22%
Magic:  17/20      EV: 15    Int: 27    God:    Sif Muna [*.....]
Gold:   391        SH:  0    Dex: 18    Spells: 6 memorised, 9 levels left

rFire  . . .     SeeInvis .     u - +2 hand axe (chop)
rCold  + . .     Gourm    .     l - +0 steam dragon armour
rNeg   . . .     Faith    .     (no shield)
rPois  .         Spirit   .     b - +0 hat
rElec  .         Dismiss  +     z - +2 cloak
rCorr  .         Reflect  .     p - +0 pair of gloves
SustAt .         Harm     .     (no boots)
MR     .....                    v - amulet of dismissal
Stlth  +++.......               x - +5 ring of dexterity
                                w - ring of stealth

@: very slightly contaminated, not resistant to hostile enchantments, fairly
stealthy
A: repulsion field 1, blurry vision 1, clever 1, cold resistance 1, frail 1,
strong 1, MP-powered wands
a: Channel Energy, Renounce Religion


You were on level 6 of the Dungeon.
You worshipped Sif Muna.
Sif Muna was aware of your devotion.
You were not hungry.

You visited 2 branches of the dungeon, and saw 7 of its levels.

You collected 391 gold pieces.

Inventory:

Hand Weapons
 u - a +2 hand axe of chopping (weapon)
Armour
 b - a +0 hat (worn)
 l - a +0 steam dragon armour (worn)
 p - a +0 pair of gloves (worn)
 y - a +0 buckler
 z - a +2 cloak (worn)
Jewellery
 n - an uncursed amulet of harm
 v - an amulet of dismissal (around neck)
 w - a ring of stealth (left hand)
 x - a +5 ring of dexterity (right hand)
Scrolls
 e - a scroll of noise
 g - a scroll of blinking
 m - 4 scrolls of remove curse
 o - a scroll of enchant weapon
 t - 2 scrolls of identify
 B - a scroll of recharging
 C - 3 scrolls of amnesia {unknown}
Potions
 f - 3 potions of cure mutation
 i - a potion of cancellation
 q - a potion of flight
 r - a potion of haste
 A - a potion of might
Books
 c - a book of Minor Magic

   Spells                             Type                      Level
   a - Magic Dart                     Conjuration                  1
   b - Blink                          Translocation                2
   c - Call Imp                       Summoning                    2
   d - Repel Missiles                 Charms/Air                   2
   e - Slow                           Hexes                        2
   f - Conjure Flame                  Conjuration/Fire             3
   g - Mephitic Cloud                 Conjuration/Poison/Air       3
Comestibles
 d - 2 bread rations
 h - 4 fruits
 j - a chunk of flesh
 s - 5 meat rations


   Skills:
 - Level 2.4 Dodging
 - Level 2.4 Stealth
 + Level 8.4 Spellcasting
 - Level 1.1 Conjurations
 * Level 6.1 Summonings
 - Level 1.1 Translocations


You had 9 spell levels left.
You knew the following spells:

 Your Spells              Type           Power        Failure   Level  Hunger
a - Magic Dart            Conj           ###.         3%          1    None
b - Blink                 Tloc           N/A          6%          2    None
c - Call Imp              Summ           #####...     1%          2    None
d - Slow                  Hex            ##......     10%         2    None
e - Conjure Flame         Conj/Fire      ##......     14%         3    None
f - Mephitic Cloud        Conj/Pois/Air  ##......     17%         3    None


Dungeon Overview and Level Annotations

Branches:
Dungeon (6/15)             Temple (1/1) D:4

Altars:
Ashenzari
Cheibriados
Dithmenos
Elyvilon
Fedhas
Gozag
Kikubaaqudgha
Makhleb
Nemelex Xobeh
Okawaru
Pakellas
Qazlal
Ru
Sif Muna
Trog
Vehumet
Xom
Yredelemnul
Zin
The Shining One

Annotations:
D:4 exclusion: statue, daning's ghost, amateur HESk


Innate Abilities, Weirdness & Mutations

You are surrounded by a mild repulsion field (EV +2).
Scrolls take you a little longer to read.
Your mind is acute. (Int +2)
Your flesh is cold resistant.
You are frail (-10% HP).
Your muscles are strong. (Str +2)
You expend magic power (3 MP) to strengthen your wands.


Message History

a chain mail; a flail Something hits your iron imp but does no damage.
Something hits your iron imp.
You see here a club.
Something hits your iron imp!
Your iron imp dies!
Cast which spell? (? or * to list)
Aiming: Conjure Flame
Press: ? - help, Dir - move target cursor You miscast Conjure Flame.
You are very lightly contaminated with residual magic.
Sparks fly from your hands! Something completely misses you.
Deactivating autopickup; reactivate with Ctrl-A.
You barely miss something. Something hits you! Something barely misses you.
You see here a club.
Something hits you!
* * * LOW HITPOINT WARNING * * *
Something hits you!
You die...

.. ... .... ....#
#....#############
#...>....[......##
#........>..[@)..#
#......######....#
#....### #...>#
#... ##<..# #..
#...# #. #..## #
#..# #..#


There were no monsters in sight!

Vanquished Creatures
  2 sky beasts (D:6)
  An adder (D:4)
  An ooze (D:5)
  A dart slug (D:3)
  2 orcs
  A giant cockroach (D:1)
  4 goblins
  3 hobgoblins
  A quokka (D:2)
  3 bats
  4 giant newts
  3 kobolds
  8 rats
34 creatures vanquished.

Vanquished Creatures (collateral kills)
  Grinder (D:5)
  2 ogres
  A scorpion (D:5)
  3 crimson imps (D:5)
  A centaur skeleton (D:4)
  An orc priest (D:6)
  A hound (D:5)
  2 orc wizards
  Terence (D:3)
  3 worker ants
  7 gnolls (D:5)
  4 adders
  A worm (D:3)
  A giant gecko (D:4)
  10 orcs
  2 bats (D:3)
  2 giant cockroaches
  2 goblins
  2 hobgoblins
  4 jackals (D:4)
  A giant gecko zombie (D:5)
  2 giant newts
  2 kobolds (D:3)
  A rat (D:2)
57 creatures vanquished.

Grand Total: 91 creatures vanquished

Notes
Turn   | Place    | Note
--------------------------------------------------------------
     0 | D:1      | matakusis the Deep Elf Wizard began the quest for the Orb.
     0 | D:1      | Reached XP level 1. HP: 10/10 MP: 7/7
   237 | D:1      | Reached skill level 5 in Spellcasting
   293 | D:1      | Reached XP level 2. HP: 15/15 MP: 7/10
   297 | D:1      | Learned a level 2 spell: Blink
   300 | D:1      | Learned a level 2 spell: Call Imp
   303 | D:1      | Learned a level 2 spell: Slow
   951 | D:2      | Reached XP level 3. HP: 19/19 MP: 3/12
  1269 | D:3      | Noticed Terence
  1291 | D:3      | Found a sacrificial altar of Ru.
  1357 | D:3      | Reached skill level 6 in Spellcasting
  1596 | D:3      | Killed Terence
  1901 | D:3      | Learned a level 3 spell: Conjure Flame
  1905 | D:3      | Learned a level 3 spell: Mephitic Cloud
  1931 | D:4      | Found a staircase to the Ecumenical Temple.
  1936 | D:4      | Noticed daning's ghost (amateur HESk)
  1958 | D:4      | Reached XP level 4. HP: 24/24 MP: 4/14
  1980 | D:4      | Noticed an ogre
  2001 | Temple   | Entered the Ecumenical Temple
  2361 | D:4      | Killed an ogre
  2387 | D:4      | Found a deep blue altar of Sif Muna.
  2393 | D:4      | Became a worshipper of Sif Muna the Loreminder
  2580 | D:4      | Found a radiant altar of Vehumet.
  2580 | D:4      | Noticed a charred statue
  2854 | D:4      | Reached XP level 5. HP: 28/28 MP: 13/16
  3386 | D:5      | Entered Level 5 of the Dungeon
  3748 | D:5      | Reached skill level 7 in Spellcasting
  3764 | D:5      | Found a sparkling altar of Nemelex Xobeh.
  4285 | D:5      | Reached XP level 6. HP: 32/32 MP: 14/18
  4563 | D:5      | Noticed Grinder
  4593 | D:5      | Paralysed by Grinder for 6 turns
  4756 | D:5      | Reached skill level 5 in Summonings
  4757 | D:5      | Killed Grinder
  4757 | D:5      | Reached * piety under Sif Muna
  4757 | D:5      | Reached skill level 8 in Spellcasting
  4881 | D:6      | Found a blossoming altar of Fedhas.
  4921 | D:6      | Found a glowing silver altar of Zin.
  5029 | D:6      | Noticed a sky beast
  5029 | D:6      | Noticed a sky beast
  5038 | D:6      | Killed a sky beast
  5038 | D:6      | Reached XP level 7. HP: 20/36 MP: 14/20
  5148 | D:6      | Gained mutation: Scrolls take you a little longer to read. [mutagenic meat]
  5149 | D:6      | Gained mutation: You are frail (-10% HP). [mutagenic meat]
  5150 | D:6      | Gained mutation: Your flesh is cold resistant. [mutagenic meat]
  5151 | D:6      | Gained mutation: Your muscles are strong. (Str +2) [mutagenic meat]
  5152 | D:6      | Gained mutation: You are surrounded by a mild repulsion field (EV +2). [mutagenic meat]
  5153 | D:6      | Gained mutation: Your mind is acute. (Int +2) [mutagenic meat]
  5154 | D:6      | Gained mutation: You expend magic power (3 MP) to strengthen your wands. [mutagenic meat]
  5155 | D:6      | Lost mutation: You are frail (-10% HP). [mutagenic meat]
  5156 | D:6      | Gained mutation: You are frail (-10% HP). [mutagenic meat]
  5179 | D:6      | Slain by an unseen horror

Skill      XL: |  1  2  3  4  5  6  7 |
---------------+----------------------+-----
Spellcasting   | 5 6 7 8 |  8.4
Summonings     | 2 3 4 5 6 |  6.1
Dodging        | |  2.4
Stealth        | |  2.4
Conjurations   | |  1.1
Translocations | |  1.1

Action                   |  1- 3 |  4- 6 |  7- 9 || total
-------------------------+-------+-------+-------++-------
Melee: Short sword       |     3 |       |       ||     3
       Dagger            |       |    38 |       ||    38
       Hand axe          |       |     1 |     1 ||     2
 Cast: Magic Dart        |    65 |    14 |     5 ||    84
       Call Imp          |    31 |    86 |     4 ||   121
       Blink             |       |     7 |       ||     7
       Conjure Flame     |       |     4 |       ||     4
       Mephitic Cloud    |       |     2 |       ||     2
  Use: Scroll            |     8 |     4 |       ||    12
       Potion            |     6 |     2 |     1 ||     9
 Stab: Sleeping          |     1 |       |       ||     1
  Eat: Chunk             |     3 |     4 |     9 ||    16
       Bread ration      |       |     1 |       ||     1
       Pizza             |       |     1 |       ||     1
Armor: Robe              |     5 |     2 |       ||     7
       Steam dragon armo |       |    30 |     2 ||    32
Dodge: Dodged            |     8 |    19 |     4 ||    31
